 Dungeon Crawl Stone Soup version 0.20-a0-949-g916514f (webtiles) character file.

137368 Deemzul the Fencer (level 17, -4/121 HPs)
             Began as an Octopode Berserker on Apr 4, 2017.
             Was a High Priest of Trog.
             Slain by a dire flail of draining (18 damage)
             ... on level 2 of the Elven Halls.
             The game lasted 01:05:19 (30601 turns).

Deemzul the Fencer (Octopode Berserker)            Turns: 30601, Time: 01:05:19

Health: -4/121     AC:  1    Str: 16    XL:     17   Next: 23%
Magic:  25/25      EV: 21    Int:  9    God:    Trog [*****.]
Gold:   198        SH: 11    Dex: 17    Spells: 16/16 levels left

rFire    + + .     SeeInvis +   u - +9 double sword (slice)
rCold    + + .     Gourm    +   g - +0 shield of Entitlement {rPois rC- Slay+2} (curse)
rNeg     + + .     Faith    .   (helmet restricted)
rPois    +         Spirit   .   J - amulet of the gourmand
rElec    .         Reflect  .   m - +5 ring of slaying
rCorr    .         Harm     .   M - ring of protection from fire
MR       +++++     Clarity  +   q - ring of see invisible
Stlth    +++++++++.             D - ring of stealth
Regen    1.3/turn               O - ring of Elitism {rC+++ rN+ MR++ Str-5}
MPRegen  0.2/turn               U - ring of protection from magic
                                F - ring of positive energy (curse)
                                f - +3 ring of strength

@: exhausted, regenerating, slowed, drained, very slow
A: almost no armour, stealthy swim, amphibious, 8 rings, constrict 8, camouflage
2, clarity, fire resistance 1, poison resistance, gelatinous body 1, no potion
heal 2, MP-powered wands
a: Berserk, Trog's Hand, Brothers in Arms, Burn Spellbooks, Renounce Religion


You were on level 2 of the Elven Halls.
You worshipped Trog.
Trog was extremely pleased with you.
You were not hungry.

You visited 5 branches of the dungeon, and saw 25 of its levels.
You visited the Abyss 1 time.
You visited 1 bazaar.
You also visited: Labyrinth.

You collected 2300 gold pieces.
You spent 2102 gold pieces at shops.

Inventory:

Hand Weapons
 u - a +9 double sword of slicing (weapon)
Armour
 g - the cursed +0 shield of Entitlement (worn) {rPois rC- Slay+2}
   (You took it off a deep elf mage on level 3 of the Elven Halls)

   It affects your accuracy and damage with ranged weapons and melee attacks
   (+2).
   It makes you vulnerable to cold.
   It protects you from poison.
   It has a curse placed upon it.
Jewellery
 f - a +3 ring of strength (on tentacle)
 m - a +5 ring of slaying (left tentacle)
 o - an uncursed amulet of guardian spirit
 q - a ring of see invisible (on tentacle)
 D - a ring of stealth (on tentacle)
 F - a cursed ring of positive energy (on tentacle)
 J - an amulet of the gourmand (around mantle)
 K - an uncursed ring of teleportation
 M - a ring of protection from fire (right tentacle)
 O - the ring of Elitism (on tentacle) {rC+++ rN+ MR++ Str-5}
   (You bought it in a shop on level 3 of the Elven Halls)

   [ring of positive energy]

   It affects your strength (-5).
   It renders you almost immune to cold.
   It protects you from negative energy.
   It affects your resistance to hostile enchantments.
 U - a ring of protection from magic (on tentacle)
 X - an uncursed ring of flight
Wands
 j - a wand of iceblast (12/15)
 r - a wand of iceblast (7/15)
 s - a wand of enslavement (6/24)
 w - a wand of paralysis (16/24)
 G - a wand of disintegration (17/24)
 L - a wand of enslavement (11/24)
 R - a wand of polymorph (15/24)
 S - a wand of confusion (32/48)
 T - a wand of digging (4/24)
 Z - a wand of paralysis (3/24)
Scrolls
 a - a scroll of magic mapping
 c - 9 scrolls of identify
 e - 8 scrolls of remove curse
 k - 5 scrolls of fog
 t - 2 scrolls of fear
 x - 5 scrolls of teleportation
 C - a scroll of recharging
 P - 6 scrolls of enchant armour
 W - a scroll of blinking
Potions
 h - 6 potions of curing
 l - 2 potions of brilliance
 n - 5 potions of might
 p - a potion of cancellation
 v - 2 potions of agility
 y - a potion of invisibility
 z - 3 potions of ambrosia
 A - 3 potions of flight
 B - 5 potions of resistance
 E - 6 potions of berserk rage
 H - 5 potions of heal wounds
Miscellaneous
 N - a lightning rod (4/4)
 Q - a fan of gales
 V - 2 boxes of beasts
 Y - a phantom mirror
Comestibles
 b - 14 bread rations
 d - 26 royal jellies
 i - 26 fruits


   Skills:
 + Level 12.8(12.7) Fighting
 * Level 17.2(17.1) Long Blades
 + Level 12.7(12.6) Dodging
 + Level 16.8(16.7) Stealth
 + Level 7.7(7.6) Shields
 + Level 11.3(11.2) Evocations


You had 16 spell levels left.
You didn't know any spells.

Dungeon Overview and Level Annotations

Branches:
Dungeon (15/15)              Lair (4/6) D:11         Shoals (0/4) Lair:3
  Snake (0/4) Lair:2          Orc (2/2) D:9             Elf (3/3) Orc:2
 Vaults (0/5) D:13         Depths (1/5) D:15
 Temple: D:4-7

Altars:
Fedhas
Qazlal
Sif Muna
Trog

Shops:
D:4 [(=!!   D:5 *   Orc:2 (*:[   Elf:1 (*(=%   Elf:3 ==

Portals:
Trove: D:10 (give 15 potions of curing)

Annotations:
D:6 sinus's ghost, novice GrFi
Lair:2 exclusion: oklob plant
Elf:2 3 runed doors


Innate Abilities, Weirdness & Mutations

You cannot wear most types of armour.
You are very stealthy in the water. (Stealth+)
You are amphibious.
You can wear up to eight rings at the same time.
You can use your tentacles to constrict eight enemies at once.
Your skin blends seamlessly with your surroundings (Stealth++).
Your rubbery body absorbs attacks. (AC +1, EV +1)
You possess an exceptional clarity of mind.
Your flesh is heat resistant. (rF+)
Your system is resistant to poisons. (rPois)
Potions are poor at restoring your health.
You expend magic power (3 MP) to strengthen your wands.


Message History

Unknown command.
Unknown command.
Unknown command.
Unknown command.
You feel a strong urge to attack something.
Unknown command.
Unknown command.
You are no longer berserk.
You are exhausted.
You feel yourself slow down.
Unknown command.
Unknown command.
Okay, then.
Unknown command.
Your system partially rejects the healing.
You feel much better. The dire flail of draining hits you!
* * * LOW HITPOINT WARNING * * *
You partially resist.
You feel drained. The vampiric glaive barely misses you.
The dire flail of draining hits you!!
You die...

## ### ### ##.#
##.## #...
...##...##...##....
...................
#..............#
#............#
##......(@..#
##.......O...##
.#....))((.....#
...............#
.......)).......#
..................
........##.........
.....ee####........
....... .......


You could see 2 deep elf magi, 3 dancing weapons and a friendly two-headed ogre
(berserk).

Vanquished Creatures
  A deep elf master archer (Elf:3)
  A sphinx (D:12)
  12 deep elf sorcerers
  3 deep elf elementalists (Elf:3)
  6 deep elf demonologists
  2 deep elf annihilators (Elf:3)
  A minotaur (Lab)
  A deep elf death mage (Elf:3)
  A yaktaur captain (D:15)
  3 deep elf high priests
  2 hydras
  4 centaur warriors
  9 two-headed ogres
  19 dancing weapons
  2 ogre magi (Orc:2)
  A tengu warrior (D:14)
  12 deep elf knights
  4 skeletal warriors
  A flayed ghost (D:14)
  2 unseen horrors
  12 deep elf archers
  2 orc knights
  A wolf spider zombie (D:14)
  A wizard (D:13)
  A phantasmal warrior (D:13)
  Pikel (D:8)
  32 deep elf magi
  3 manticores
  5 ugly things
  5 cyclopes
  5 centaur zombies
  Maurice (D:9)
  A gargoyle (D:11)
  3 black mambas
  2 centaur skeletons
  A spiny frog (shapeshifter) (Elf:1)
  2 spiny frogs (Lair:4)
  2 rime drakes
  2 komodo dragons
  2 kobold demonologists (D:14)
  2 meliai (D:12)
  A hornet (D:11)
  14 trolls
  2 queen bees
  A polar bear (Lair:3)
  12 blink frogs
  A harpy skeleton (D:14)
  4 slime creatures (D:15)
  5 hippogriffs
  A meliai zombie (D:14)
  A centaur simulacrum (D:15)
  2 water elementals (Elf:1)
  7 air elementals
  A shadow (D:12)
  3 wraiths
  A vampire (D:15)
  A fire elemental (Elf:1)
  22 yaks
  A hog (shapeshifter) (D:14)
  A steam dragon (D:11)
  A hungry ghost (D:12)
  4 wargs
  Edmund (D:6)
  4 nagas (Lair:2)
  7 water moccasins
  9 porcupines
  An acid dragon (D:14)
  A hornet zombie (D:13)
  A phantom (D:4)
  An eye of draining (shapeshifter) (Elf:1)
  9 orc warriors
  4 sky beasts
  2 slaves (D:8)
  A black bear (D:10)
  An eye of draining (D:10)
  3 ice beasts
  29 ogres
  4 wolves (Lair:3)
  A centaur (D:14)
  9 crocodiles
  5 big kobolds
  12 bullfrogs
  A wyvern zombie (D:4)
  4 earth elementals
  4 scorpions
  54 killer bees
  12 wights
  6 howler monkeys
  2 bullfrog zombies
  4 crimson imps
  2 quasits
  A gnoll shaman (D:10)
  14 orc priests
  5 hounds
  4 jellies
  19 orc wizards
  A bullfrog skeleton (D:11)
  3 iguanas
  7 worker ants
  3 hound skeletons
  3 worker ant zombies
  11 gnolls
  13 adders
  3 oozes
  An ooze (shapeshifter) (Elf:2)
  2 worms
  2 dart slugs
  The ghost of M4edhros the Grave Robber, a weakling OpNe (D:4)
  4 leopard geckos
  58 orcs
  4 ball pythons
  2 giant cockroaches
  8 goblins
  6 hobgoblins
  13 jackals
  2 quokkas
  3 bats
  A frilled lizard (D:1)
  31 kobolds
  A quokka skeleton (D:4)
  10 rats
  A fungus (Lair:3)
690 creatures vanquished.

Vanquished Creatures (collateral kills)
  A deep elf blademaster (Elf:2)
  The ghost of Jm2c the Brawler, a journeyman TrAs of Dithmenos (Lair:4)
  A stone giant (shapeshifter) (D:12)
  A hydra (D:15)
  A death knight (D:13)
  2 dancing weapons (Elf:2)
  4 two-headed ogres (Orc:2)
  The ghost of Deemzul the Carver, a novice OpFi of Gozag (D:11)
  A deep elf knight (Elf:2)
  An iron troll (Orc:2)
  An unseen horror (D:15)
  A skeletal warrior (D:13)
  A deep troll (Orc:2)
  A deep elf archer (Elf:3)
  2 orc knights
  2 cyclopes
  7 deep elf magi
  A manticore (D:15)
  A troll (D:13)
  A meliai (D:12)
  A wraith (D:13)
  A water elemental (Elf:2)
  3 orc warriors (Orc:2)
  An ogre (Orc:2)
  A bullfrog (D:12)
  6 killer bees
  A crimson imp (D:12)
  An orc wizard (Orc:2)
  2 orc priests
  An adder (D:12)
  8 orcs
  2 crawling corpses (Elf:1)
60 creatures vanquished.

Vanquished Creatures (others)
  A worker ant (D:11)
  A leopard gecko zombie (D:8)
  5 fungi (Lair:3)
  3 plants (Lair:3)
10 creatures vanquished.

Grand Total: 760 creatures vanquished

Notes
Turn   | Place    | Note
-------+----------+-------------------------------------------
     0 | D:1      | Deemzul the Octopode Berserker began the quest for the Orb.
     0 | D:1      | Reached XP level 1. HP: 16/16 MP: 1/1
    67 | D:1      | Reached XP level 2. HP: 21/21 MP: 2/2
   326 | D:1      | Reached skill level 1 in Stealth
   420 | D:1      | Reached XP level 3. HP: 26/26 MP: 3/3
   529 | D:1      | Reached ** piety under Trog
  1410 | D:2      | Reached XP level 4. HP: 28/31 MP: 4/4
  1621 | D:3      | Reached skill level 4 in Long Blades
  1847 | D:3      | Reached XP level 5. HP: 31/36 MP: 5/5
  2139 | D:3      | Reached *** piety under Trog
  2221 | D:3      | HP: 1/55 [gnoll/halberd (13)]
  2787 | D:4      | Found Qotutz's Antique Weapon Boutique.
  2787 | D:4      | Found Ezis's Distillery.
  2788 | D:4      | Found Beom's Jewellery Boutique.
  2788 | D:4      | Found Xitsal's Distillery.
  2807 | D:4      | Bought a potion of heal wounds for 65 gold pieces
  2807 | D:4      | Bought a potion of agility for 52 gold pieces
  2845 | D:4      | Noticed a phantom
  2856 | D:4      | Killed a phantom
  2856 | D:4      | Reached XP level 6. HP: 43/43 MP: 6/6
  2895 | D:4      | Noticed M4edhros's ghost (weakling OpNe)
  2984 | D:4      | Killed M4edhros's ghost
  3102 | D:4      | Reached skill level 5 in Long Blades
  3234 | D:4      | Reached XP level 7. HP: 20/49 MP: 7/7
  3401 | D:4      | Found Riafapipp's Armour Shop.
  3583 | D:5      | Entered Level 5 of the Dungeon
  3602 | D:5      | Reached skill level 5 in Stealth
  3929 | D:5      | Found a stormy altar of Qazlal.
  3981 | D:5      | Reached skill level 6 in Long Blades
  4088 | D:5      | Found Detz's General Store.
  4270 | D:6      | Noticed Edmund
  4288 | D:6      | Killed Edmund
  4288 | D:6      | Reached XP level 8. HP: 32/54 MP: 6/8
  4432 | D:6      | Reached skill level 5 in Dodging
  4638 | D:6      | Reached skill level 5 in Fighting
  4785 | D:6      | Noticed sinus's ghost (novice GrFi)
  5214 | D:7      | Reached skill level 7 in Long Blades
  5342 | D:7      | Got a crude dagger
  5343 | D:7      | Identified the +4 dagger of the Beginning {freeze, rF- rC+ Int+4} (You found it on level 7 of the Dungeon)
  5515 | D:8      | Noticed Pikel
  5578 | D:8      | Noticed a hippogriff
  5582 | D:8      | Killed a hippogriff
  5709 | D:8      | Killed Pikel
  5709 | D:8      | Reached skill level 8 in Long Blades
  5709 | D:8      | Reached XP level 9. HP: 62/62 MP: 7/9
  5938 | D:8      | Found a bloodstained altar of Trog.
  6197 | D:8      | Reached **** piety under Trog
  6621 | D:9      | Noticed a troll
  6638 | D:9      | Found a staircase to the Orcish Mines.
  6761 | D:9      | Killed a troll
  6761 | D:9      | Reached skill level 9 in Long Blades
  6828 | D:9      | Gained mutation: You are occasionally teleported next to monsters. [mutagenic meat]
  6829 | D:9      | Gained mutation: You are somewhat resistant to further mutation. [mutagenic meat]
  7101 | D:9      | Found a blossoming altar of Fedhas.
  7280 | D:9      | Reached XP level 10. HP: 63/69 MP: 8/10
  7299 | D:9      | Reached ***** piety under Trog
  7312 | D:9      | Noticed Maurice
  7319 | D:9      | Killed Maurice
  7610 | Orc:1    | Entered Level 1 of the Orcish Mines
  7610 | Orc:1    | Noticed an orc knight
  7648 | D:10     | Entered Level 10 of the Dungeon
  7733 | D:10     | Found a portal to a secret trove of treasure.
  7848 | D:10     | Noticed a two-headed ogre
  8271 | D:10     | Reached skill level 10 in Long Blades
  8305 | D:10     | Reached skill level 1 in Evocations
  8309 | D:10     | Gained mutation: Your mind is acute. (Int +2) [mutagenic meat]
  8310 | D:10     | Gained mutation: Your spells are a little harder to cast, but a little more powerful. [mutagenic meat]
  8314 | D:10     | Lost mutation: You are occasionally teleported next to monsters. [mutagenic meat]
  8383 | D:9      | Noticed a two-headed ogre
  8751 | D:10     | Noticed a two-headed ogre
  8762 | D:10     | Killed a two-headed ogre
  8860 | D:10     | Reached skill level 10 in Stealth
  9026 | D:11     | Noticed Deemzul's ghost (novice OpFi)
  9035 | D:11     | Killed Deemzul's ghost
  9035 | D:11     | Reached XP level 11. HP: 31/77 MP: 4/13
  9503 | D:11     | Found a staircase to the Lair.
  9699 | D:11     | Noticed a two-headed ogre
  9709 | D:11     | Killed a two-headed ogre
  9709 | D:11     | Reached skill level 11 in Long Blades
 10050 | D:11     | Noticed a cyclops
 10069 | D:10     | Noticed a centaur warrior
 10078 | D:10     | Killed a centaur warrior
 10202 | D:10     | Killed a two-headed ogre
 10294 | Orc:1    | Killed an orc knight
 10493 | Orc:2    | Entered Level 2 of the Orcish Mines
 11622 | Orc:2    | Noticed an ogre mage
 11699 | Orc:2    | Noticed a two-headed ogre
 11712 | Orc:2    | Killed a two-headed ogre
 11953 | Orc:2    | Noticed a two-headed ogre
 11985 | Orc:2    | Noticed an ogre mage
 12145 | D:12     | Noticed a cyclops
 12197 | D:13     | Noticed a four-headed hydra
 12207 | D:13     | Killed a four-headed hydra
 12207 | D:13     | Reached skill level 5 in Evocations
 12207 | D:13     | Reached XP level 12. HP: 36/84 MP: 4/15
 12211 | D:13     | Reached skill level 12 in Long Blades
 12246 | D:13     | Found a flickering gateway to a bazaar.
 12259 | Bazaar   | Entered a bazaar
 12265 | Bazaar   | Found Viyp's Jewellery Emporium.
 12265 | Bazaar   | Found Zarutwomn's Magic Scroll Shoppe.
 12289 | Bazaar   | Bought an uncursed ring of stealth for 175 gold pieces
 12292 | Bazaar   | Bought a scroll of enchant armour for 67 gold pieces
 12294 | Bazaar   | Bought a +3 ring of strength for 157 gold pieces
 12294 | Bazaar   | Bought an uncursed ring of protection from cold for 250 gold pieces
 12840 | D:12     | Received a gift from Trog
 13434 | Lair:1   | Entered Level 1 of the Lair of Beasts
 13642 | Lair:1   | Found a labyrinth entrance.
 13767 | Lab      | Entered a labyrinth
 14196 | Lab      | Noticed a minotaur
 14205 | Lab      | Killed a minotaur
 14473 | Lab      | Got a shimmering spear {vamp}
 14497 | Lab      | Lost mutation: Your mind is acute. (Int +2) [potion of mutation]
 14497 | Lab      | Lost mutation: You are somewhat resistant to further mutation. [potion of mutation]
 14497 | Lab      | Lost mutation: Your spells are a little harder to cast, but a little more powerful. [potion of mutation]
 14497 | Lab      | Gained mutation: Potions are less effective at restoring your health. [potion of mutation]
 14497 | Lab      | Gained mutation: Your skin blends seamlessly with your surroundings (Stealth++). [potion of mutation]
 15240 | Lair:2   | Found a staircase to the Snake Pit.
 15774 | Lair:3   | Found a staircase to the Shoals.
 15872 | Lair:3   | Noticed a catoblepas
 16058 | Lair:4   | Noticed Jm2c's ghost (journeyman TrAs)
 16069 | Lair:3   | Reached skill level 13 in Long Blades
 16386 | Lair:3   | Reached XP level 13. HP: 89/91 MP: 18/18
 16742 | Lair:3   | HP: 2/138 [11-headed hydra (16)]
 17578 | Lair:4   | Reached skill level 10 in Fighting
 17811 | Lair:4   | Reached skill level 10 in Dodging
 17983 | Lair:4   | Killed Jm2c's ghost
 18443 | D:12     | Received a gift from Trog
 18535 | D:12     | Gained mutation: Your natural rate of healing is unusually fast. [mutagenic meat]
 18536 | D:12     | Gained mutation: You possess an exceptional clarity of mind. [mutagenic meat]
 18538 | D:12     | Gained mutation: You expend magic power (3 MP) to strengthen your wands. [mutagenic meat]
 18708 | D:12     | Noticed an iron dragon
 18708 | D:12     | Noticed an iron giant
 18708 | D:12     | an iron dragon changed into an iron giant
 18709 | D:12     | Noticed a caustic shrike
 18709 | D:12     | an iron giant changed into a caustic shrike
 18716 | D:12     | Noticed a shadow dragon
 18716 | D:12     | a caustic shrike changed into a shadow dragon
 18719 | D:12     | Noticed a stone giant
 18719 | D:12     | a shadow dragon changed into a stone giant
 18724 | D:12     | Killed a stone giant
 18909 | Orc:2    | Killed an ogre mage
 18909 | Orc:2    | Reached skill level 14 in Long Blades
 19171 | Orc:2    | Found a staircase to the Elven Halls.
 19538 | Orc:2    | Reached XP level 14. HP: 99/99 MP: 13/20
 19682 | Orc:2    | Found Doisurphaf's Weapon Emporium.
 19687 | Orc:2    | Found Cycum's Assorted Antiques.
 19689 | Orc:2    | Found Rinuodar's Book Boutique.
 19700 | Orc:2    | Found Ustacump's Antique Armour Shoppe.
 19740 | Orc:2    | Bought a scroll labeled LIENTA KIULI for 33 gold pieces
 19944 | Orc:2    | Bought a notched garnet ring for 165 gold pieces
 20254 | D:12     | Gained mutation: You evolve. [mutagenic meat]
 20255 | D:12     | Gained mutation: Potions are poor at restoring your health. [mutagenic meat]
 20257 | D:12     | Gained mutation: Your spells are a little easier to cast, but a little less powerful. [mutagenic meat]
 20259 | D:12     | Lost mutation: You possess an exceptional clarity of mind. [mutagenic meat]
 20483 | D:12     | Noticed a sphinx
 20494 | D:12     | Killed a sphinx
 20494 | D:12     | Reached skill level 1 in Shields
 21236 | D:13     | Found a gate to the Vaults.
 21926 | D:15     | Entered Level 15 of the Dungeon
 22107 | D:15     | Reached skill level 15 in Long Blades
 22130 | D:15     | Found a staircase to the Depths.
 22182 | Depths:1 | Entered Level 1 of the Depths
 22240 | D:15     | Received a gift from Trog
 22290 | D:15     | Identified a scroll of acquirement
 22291 | D:15     | Got a heavily runed pewter ring
 22293 | D:15     | Identified the ring "Yxuij" {Ice MR- Int+6} (You acquired it on level 15 of the Dungeon)
 22532 | D:15     | Reached XP level 15. HP: 102/107 MP: 19/22
 22948 | D:15     | Gained mutation: Your flesh is heat resistant. (rF+) [mutagenic meat]
 22950 | D:15     | Lost mutation: You evolve. [mutagenic meat]
 23094 | D:15     | Reached skill level 15 in Stealth
 23452 | Orc:2    | Bought a shiny large shield for 240 gold pieces
 23553 | Elf:1    | Entered Level 1 of the Elven Halls
 23621 | Elf:1    | Noticed a deep elf sorcerer
 23624 | Elf:1    | Received a gift from Trog
 23633 | Elf:1    | Killed a deep elf sorcerer
 23674 | Elf:1    | Reached skill level 10 in Evocations
 23901 | Elf:1    | Lost mutation: Your flesh is heat resistant. (rF+) [potion of mutation]
 23901 | Elf:1    | Lost mutation: Your natural rate of healing is unusually fast. [potion of mutation]
 23901 | Elf:1    | Lost mutation: Your spells are a little easier to cast, but a little less powerful. [potion of mutation]
 23901 | Elf:1    | Gained mutation: Your system is resistant to poisons. (rPois) [potion of mutation]
 23901 | Elf:1    | Gained mutation: You possess an exceptional clarity of mind. [potion of mutation]
 23901 | Elf:1    | Gained mutation: Your flesh is heat resistant. (rF+) [potion of mutation]
 23946 | Elf:1    | Found Una Guli's Antique Weapon Shop.
 24041 | Elf:1    | Reached skill level 5 in Shields
 24207 | Elf:1    | Found a deep blue altar of Sif Muna.
 24618 | Elf:1    | Found Ysoruti's Assorted Antiques.
 24680 | Elf:1    | Found Xaakucza's Antique Weapon Emporium.
 24683 | Elf:1    | Found Buzohugo's Jewellery Boutique.
 24850 | Elf:1    | Found Lotev's Food Boutique.
 25204 | Elf:1    | Cast into level 3 of the Abyss (a deep elf demonologist)
 25285 | Elf:1    | Escaped the Abyss
 25293 | Elf:1    | Reached skill level 16 in Long Blades
 25581 | Elf:3    | Entered Level 3 of the Elven Halls
 25638 | Elf:3    | Found Ugeg Zoh's Jewellery Shoppe.
 25638 | Elf:3    | Found Zuibiany's Jewellery Shop.
 25699 | Elf:2    | Reached XP level 16. HP: 114/114 MP: 21/23
 25791 | Elf:2    | Found a runed gate.
 25792 | Elf:2    | Found a runed gate.
 25795 | Elf:2    | Found a runed gate.
 25881 | Elf:2    | Received a gift from Trog
 27226 | Elf:3    | Noticed a deep elf master archer
 27640 | Elf:3    | Received a gift from Trog
 27642 | Elf:3    | Noticed a Tzitzimitl
 28805 | Elf:3    | Got a scorched shield
 28812 | Elf:3    | Identified the cursed +0 shield of Entitlement {rPois rC- Slay+2} (You took it off a deep elf mage on level 3 of the Elven Halls)
 28935 | Elf:3    | Bought the ring of Elitism {rC+++ rN+ MR++ Str-5} for 898 gold pieces
 29050 | Elf:3    | Noticed a deep elf master archer
 29060 | Elf:3    | Killed a deep elf master archer
 29060 | Elf:3    | Reached skill level 17 in Long Blades
 29795 | Elf:3    | Reached XP level 17. HP: 121/121 MP: 25/25
 30592 | Elf:2    | Noticed a deep elf blademaster
 30597 | Elf:2    | Killed a deep elf blademaster
 30601 | Elf:2    | Slain by a dire flail of draining

Vault maps used:
D:1:      onia_arrival_handbag
D:3:      kennysheep_generic_room_12
D:4:      serial_shops, shop, minmay_shop_grid_forest
D:5:      first_bread, serial_shops, nicolae_shop_crystal, basic_altar
D:6:      temple_hall, nicolae_water_bricks, uniq_edmund, uniq_menkaure,
          uniq_grinder
D:8:      bloody_trog, uniq_pikel
D:9:      orc_0_dummy, fedhas_altar_1, uniq_maurice
D:10:     enter_trove_2
D:11:     lair_entry_dummy
D:12:     regret_index_tunnel_blossom
D:13:     david_vaults_4, serial_shops, bzr_entry_road
D:14:     serial_park_tiny_2
D:15:     grunt_enter_depths_snipers, st_stairs_1
Lair:1:   lab_entry_generic, lemuel_fruit_tree
Lair:2:   minmay_snake_entry_guardpost_small, lemuel_oklob_altar
Lair:3:   minmay_shoals_entry_beasts, special_room
Orc:1:    serial_shops, shop_coins
Orc:2:    st_orc_open
Elf:1:    eino_elf_arrival_sip, serial_shops,
          nicolae_shop_competitors_out_of_business, nicolae_shop_crystal,
          shop_statue, shop, shop_fountains, basic_altar,
          kennysheep_underground_church
Elf:3:    minmay_elf_hall_curves, serial_shops, shop, nicolae_shop_trees, shop,
          shop, serial_glass, glass_columns_a, glass_columns_a
Depths:1: minmay_shrinking_squares, abyss_entry, nicolae_benzene_ring,
          rand_demon_pan_entry_3, hangedman_tar_grid_catacomb, minivault_16,
          minmay_misc_feat_five, minmay_misc_feat_nine_boxes,
          nemelex_diamond_rough_becter, minmay_shop_grove, uniq_aizul
Abyss:3:  evilmike_abyss_exit_kraken
Lab:      labyrinth_mini_lab, labyrinth_skeletal_remains, nicolae_lab_statue
Bazaar:   bazaar_mystics

Skill      XL: |  1  2  3  4  5  6  7  8  9 10 11 12 13 14 15 16 |
---------------+-------------------------------------------------+-----
Stealth        | 1 2 3 4 5 7 8 10 11 12 13 14 15 16 | 16.8
Long Blades    | 4 5 6 8 9 10 11 13 14 15 16 17 | 17.2
Fighting       | 4 6 7 8 9 10 11 12 | 12.8
Dodging        | 4 6 7 8 9 10 11 12 | 12.7
Evocations     | 2 5 6 8 9 10 11 | 11.3
Shields        | 3 5 7 |  7.7

Action                   |  1- 3 |  4- 6 |  7- 9 | 10-12 | 13-15 | 16-18 || total
-------------------------+-------+-------+-------+-------+-------+-------++-------
Melee: Falchion          |    51 |    92 |   212 |   127 |       |       ||   482
       Constrict         |    17 |    26 |    45 |   107 |   119 |    46 ||   360
       Tentacles         |    12 |    26 |    82 |   173 |   270 |    50 ||   613
       Dagger            |       |       |     5 |       |       |       ||     5
       Long sword        |       |       |       |   359 |   749 |    17 ||  1125
       Spear             |       |       |       |     9 |       |       ||     9
       Double sword      |       |       |       |       |       |   163 ||   163
Invok: Berserk           |       |     4 |     9 |    22 |    23 |     3 ||    61
       Brothers in Arms  |       |       |       |     6 |    14 |     5 ||    25
       Burn Spellbooks   |       |       |       |     3 |     1 |       ||     4
       Trog's Hand       |       |       |       |     4 |     3 |     2 ||     9
Evoke: Wand              |       |       |     1 |     2 |       |     1 ||     4
       Lightning rod     |       |       |       |     4 |       |       ||     4
       Fan of gales      |       |       |       |     1 |       |       ||     1
  Use: Scroll            |       |       |     3 |    11 |     8 |     7 ||    29
       Potion            |       |       |       |    11 |     1 |     1 ||    13
 Stab: Sleeping          |     8 |     8 |    13 |    19 |    45 |     4 ||    97
       Distracted        |       |     1 |     4 |     5 |    10 |     5 ||    25
  Eat: Chunk             |     1 |     9 |    23 |    51 |    59 |    16 ||   159
       Meat ration       |       |       |       |     2 |     3 |     2 ||     7
Armor: Skin              |     4 |     4 |    10 |    16 |    11 |     1 ||    46
Dodge: Dodged            |    31 |    65 |   144 |   338 |   477 |    30 ||  1085
Block: Buckler           |       |       |       |       |    50 |       ||    50
       Large shield      |       |       |       |       |    81 |    52 ||   133
       Shield            |       |       |       |       |       |    18 ||    18
       Rpst.: Falchion   |     9 |    25 |    40 |    24 |       |       ||    98
       Long sword        |       |       |       |    73 |    99 |       ||   172
       Double sword      |       |       |       |       |       |     6 ||     6
